General information
- name: BNet
- type: Ladder team game (AT/RT)
- host: Battle.net
- saver: SwordOfDestiny
map: Cherryville
- players: 8
- length: 24:00
- speed: Fast
- version: 1.27 W3XP
- replay type: Public
» download(169 KB)
Players
team 1 (winner)

»
YerkyBerk (
green | 45 APM | 1077 actions | 24:00)
7 Goblin Tinker
3 Pocket Factory
3 Engineering Upgrade
1 Robo-Goblin
» actions
| Assign group hotkey | 9 | |
| Basic commands | 11 | |
| Build / train | 72 | |
| Enter build submenu | 18 | |
| Enter hero's abilities submenu | 7 | |
| Right click | 644 | |
| Select / deselect | 260 | |
| Select group hotkey | 5 | |
| Use ability | 51 | |
1077 total
» units
| Acolyte | 11 | |
| Ghoul | 5 | |
| Crypt Fiend | 8 | |
| Frost Wyrm | 7 | |
| Gargoyle | 3 | |
34 total
» upgrades
| Creature Attack | 3 | |
| Creature Carapace | 2 | |
| Web | 1 | |
| Freezing Breath | 1 | |
7 total
» buildings
| Graveyard | 1 | |
| Crypt | 2 | |
| Altar of Darkness | 1 | |
| Ziggurat | 8 | |
| Tomb of Relics | 1 | |
| Nerubian Tower | 2 | |
| Halls of the Dead | 1 | |
| Necropolis | 1 | |
| Sacrificial Pit | 1 | |
| Black Citadel | 1 | |
| Spirit Tower | 6 | |
| Boneyard | 2 | |
27 total
» build order
00:26 Graveyard
00:56 Crypt
01:01 Altar of Darkness
01:05 Ziggurat
01:17 Tomb of Relics
01:31 Ziggurat
01:58 Nerubian Tower
02:34 Ziggurat
03:49 Halls of the Dead
05:29 Necropolis
06:32 Sacrificial Pit
06:35 Black Citadel
07:19 Ziggurat
07:20 Ziggurat
07:23 Ziggurat
07:48 Ziggurat
08:20 Spirit Tower
08:25 Spirit Tower
08:26 Spirit Tower
09:00 Boneyard
09:03 Boneyard
09:46 Nerubian Tower
12:14 Spirit Tower
12:15 Spirit Tower
12:20 Ziggurat
13:14 Spirit Tower
21:10 Crypt
» items
| Rod of Necromancy | 1 | |
| Healing Salve | 2 | |
| Orb of Corruption | 1 | |
| Scroll of Town Portal | 5 | |
| Scroll of Healing | 2 | |
| Scroll of Speed | 1 | |
| Boots of Speed | 1 | |
13 total
SwordOfDestiny (
teal | 60 APM | 1430 actions | 24:00)
8 Blademaster
3 Wind Walk
3 Critical Strike
1 Bladestorm
1 Mirror Image
» actions
| Assign group hotkey | 42 | |
| Basic commands | 17 | |
| Build / train | 52 | |
| Enter build submenu | 27 | |
| Enter hero's abilities submenu | 8 | |
| Give item / drop item | 3 | |
| Right click | 655 | |
| Select / deselect | 256 | |
| Select group hotkey | 265 | |
| Use ability | 105 | |
1430 total
» units
| Peon | 8 | |
| Grunt | 5 | |
| Goblin Shredder | 2 | |
| Troll Batrider | 5 | |
20 total
» upgrades
| Ranged Weapons | 3 | |
| Troll Regeneration | 1 | |
| Liquid Fire | 1 | |
| Reinforced Defenses | 1 | |
| Armor | 4 | |
| Pillage | 1 | |
| Ensnare | 1 | |
12 total
» buildings
| Orc Burrow | 6 | |
| Altar of Storms | 1 | |
| Barracks | 1 | |
| Voodoo Lounge | 1 | |
| Stronghold | 1 | |
| War Mill | 2 | |
| Great Hall | 1 | |
| Watch Tower | 12 | |
| Beastiary | 4 | |
| Fortress | 1 | |
30 total
» build order
00:28 Orc Burrow
00:50 Altar of Storms
00:51 Barracks
01:07 Orc Burrow
01:42 Voodoo Lounge
02:49 Stronghold
03:49 Orc Burrow
04:21 War Mill
05:07 Great Hall
05:56 Watch Tower
05:56 Watch Tower
05:58 Watch Tower
06:02 Watch Tower
06:32 Orc Burrow
08:13 Beastiary
08:14 Beastiary
08:15 Beastiary
08:16 Beastiary
09:10 Fortress
09:14 War Mill
09:49 Orc Burrow
09:51 Orc Burrow
10:51 Watch Tower
10:51 Watch Tower
10:52 Watch Tower
10:53 Watch Tower
10:53 Watch Tower
10:54 Watch Tower
10:55 Watch Tower
10:55 Watch Tower
» items
| Healing Salve | 3 | |
| Boots of Speed | 1 | |
| Periapt of Vitality | 1 | |
| Staff of Teleportation | 1 | |
| Potion of Healing | 1 | |
| Scroll of Town Portal | 1 | |
| Orb of Lightning | 1 | |
9 total

»
Spanker (
yellow | 54 APM | 1300 actions | 24:00)
5 Demon Hunter
3 Mana Burn
2 Evasion
» actions
| Assign group hotkey | 33 | |
| Basic commands | 72 | |
| Build / train | 73 | |
| Enter build submenu | 19 | |
| Enter hero's abilities submenu | 5 | |
| Remove unit from queue | 8 | |
| Right click | 678 | |
| Select / deselect | 261 | |
| Select group hotkey | 89 | |
| Use ability | 62 | |
1300 total
» units
| Wisp | 11 | |
| Huntress | 11 | |
| Druid of the Claw | 6 | |
| Druid of the Talon | 2 | |
| Hippogryph | 10 | |
| Dryad | 4 | |
44 total
» upgrades
| Sentinel | 1 | |
| Druid of the Claw Training | 2 | |
| Strength of the Wild | 2 | |
| Reinforced Hides | 2 | |
| Mark of the Claw | 1 | |
| Druid of the Talon Training | 2 | |
| Abolish Magic | 1 | |
11 total
» buildings
| Moon Well | 4 | |
| Altar of Elders | 1 | |
| Ancient of War | 1 | |
| Hunter's Hall | 1 | |
| Ancient of Wonders | 1 | |
| Tree of Ages | 2 | |
| Tree of Eternity | 2 | |
| Ancient of Lore | 1 | |
| Ancient of Wind | 1 | |
| Tree of Life | 2 | |
| Ancient Protector | 2 | |
18 total
» build order
00:18 Moon Well
00:24 Altar of Elders
01:48 Ancient of War
01:55 Hunter's Hall
02:16 Ancient of Wonders
02:22 Moon Well
02:57 Tree of Ages
03:26 Moon Well
05:50 Tree of Eternity
05:56 Moon Well
06:07 Ancient of Lore
06:16 Ancient of Wind
13:01 Tree of Life
15:11 Tree of Life
15:35 Ancient Protector
19:56 Tree of Ages
21:43 Ancient Protector
23:51 Tree of Eternity
UAB3 (
pink | 45 APM | 1074 actions | 24:00)
3 Far Seer
1 Feral Spirit
2 Chain Lighting
2 Shadow Hunter
1 Hex
1 Healing Wave
1 Blademaster
1 Mirror Image
» actions
| Build / train | 78 | |
| Enter build submenu | 35 | |
| Enter hero's abilities submenu | 6 | |
| Right click | 640 | |
| Select / deselect | 234 | |
| Use ability | 81 | |
1074 total
» units
» upgrades
| Spiked Barricades | 3 | |
| Ranged Weapons | 1 | |
| Ensnare | 1 | |
| Melee Weapons | 3 | |
| Armor | 1 | |
| Reinforced Defenses | 1 | |
| Shaman Training | 2 | |
12 total
» buildings
| Orc Burrow | 9 | |
| Altar of Storms | 1 | |
| War Mill | 2 | |
| Voodoo Lounge | 2 | |
| Watch Tower | 14 | |
| Stronghold | 1 | |
| Great Hall | 1 | |
| Fortress | 1 | |
| Beastiary | 3 | |
| Spirit Lodge | 1 | |
35 total
» build order
00:27 Orc Burrow
00:41 Altar of Storms
01:21 War Mill
01:27 Voodoo Lounge
02:37 Watch Tower
02:53 Watch Tower
03:10 Orc Burrow
04:12 Watch Tower
04:15 Watch Tower
04:50 Orc Burrow
04:54 Orc Burrow
05:21 Watch Tower
05:26 Watch Tower
05:54 Stronghold
06:23 Watch Tower
06:28 Watch Tower
06:35 Voodoo Lounge
06:40 Watch Tower
07:27 Watch Tower
08:15 Great Hall
08:50 Watch Tower
09:02 Orc Burrow
09:07 Orc Burrow
10:56 Fortress
11:31 Beastiary
11:38 Beastiary
12:03 Watch Tower
12:16 Watch Tower
12:28 Watch Tower
12:43 Spirit Lodge
12:51 Beastiary
14:34 Orc Burrow
17:45 War Mill
21:58 Orc Burrow
22:02 Orc Burrow
» items
| Healing Salve | 1 | |
| Lesser Clarity Potion | 4 | |
| Scroll of Speed | 2 | |
| Potion of Healing | 3 | |
| Potion of Mana | 2 | |
| Orb of Lightning | 2 | |
14 total
team 2 (loser)

»
robotnoodle (
purple | 50 APM | 732 actions | 14:43)
3 Keeper of the Grove
1 Force of Nature
1 Entangling Roots
1 Thorns Aura
» actions
| Assign group hotkey | 21 | |
| Basic commands | 15 | |
| Build / train | 54 | |
| Enter build submenu | 20 | |
| Enter hero's abilities submenu | 4 | |
| Remove unit from queue | 1 | |
| Right click | 266 | |
| Select / deselect | 223 | |
| Select group hotkey | 59 | |
| Use ability | 69 | |
732 total
» units
| Wisp | 20 | |
| Archer | 12 | |
| Huntress | 1 | |
| Hippogryph | 8 | |
| Chimaera | 1 | |
42 total
» upgrades
| Hippogryph Taming | 1 | |
| Improved Bows | 1 | |
| Marksmanship | 1 | |
| Corrosive Breath | 1 | |
4 total
» buildings
| Altar of Elders | 1 | |
| Moon Well | 6 | |
| Ancient of War | 1 | |
| Hunter's Hall | 1 | |
| Ancient Protector | 5 | |
| Tree of Ages | 1 | |
| Ancient of Wind | 1 | |
| Tree of Life | 1 | |
| Tree of Eternity | 1 | |
| Chimaera Roost | 1 | |
19 total
» build order
00:20 Altar of Elders
00:31 Moon Well
01:04 Ancient of War
01:48 Moon Well
02:07 Hunter's Hall
03:19 Ancient Protector
03:37 Moon Well
04:25 Tree of Ages
04:44 Ancient Protector
05:54 Moon Well
06:57 Ancient of Wind
07:07 Tree of Life
07:10 Ancient Protector
07:29 Ancient Protector
07:34 Ancient Protector
08:18 Tree of Eternity
11:15 Chimaera Roost
11:56 Moon Well
12:55 Moon Well

»
snakeplisken (
blue | 40 APM | 947 actions | 23:56)
4 Far Seer
2 Feral Spirit
1 Chain Lighting
1 Far Sight
» actions
| Assign group hotkey | 12 | |
| Basic commands | 40 | |
| Build / train | 77 | |
| Enter build submenu | 21 | |
| Enter hero's abilities submenu | 4 | |
| Give item / drop item | 5 | |
| Remove unit from queue | 1 | |
| Right click | 394 | |
| Select / deselect | 252 | |
| Select group hotkey | 59 | |
| Use ability | 82 | |
947 total
» units
| Peon | 10 | |
| Grunt | 7 | |
| Assassin | 1 | |
| Troll Headhunter/Berserker | 13 | |
| Shaman | 8 | |
| Troll Witch Doctor | 1 | |
40 total
» upgrades
| Berserker Strength | 1 | |
| Melee Weapons | 1 | |
| Armor | 1 | |
| Shaman Training | 2 | |
| Berserker Upgrade | 1 | |
| Reinforced Defenses | 1 | |
7 total
» buildings
| Barracks | 3 | |
| Orc Burrow | 9 | |
| Altar of Storms | 1 | |
| Voodoo Lounge | 1 | |
| Stronghold | 1 | |
| War Mill | 1 | |
| Great Hall | 3 | |
| Fortress | 1 | |
| Spirit Lodge | 2 | |
22 total
» build order
00:05 Barracks
00:06 Orc Burrow
00:17 Altar of Storms
01:53 Orc Burrow
03:06 Voodoo Lounge
04:04 Stronghold
04:09 Orc Burrow
05:47 Orc Burrow
05:51 War Mill
07:17 Great Hall
09:39 Orc Burrow
09:53 Orc Burrow
10:04 Orc Burrow
10:10 Great Hall
11:37 Fortress
12:23 Orc Burrow
13:23 Spirit Lodge
15:23 Spirit Lodge
16:37 Barracks
16:41 Barracks
17:27 Orc Burrow
20:47 Great Hall
» items
| Healing Salve | 5 | |
| Scroll of Speed | 4 | |
| Lesser Clarity Potion | 2 | |
| Potion of Healing | 3 | |
| Scroll of Town Portal | 2 | |
| Scroll of Healing | 1 | |
17 total
DONTtryITbro (
red | 132 APM | 3161 actions | 23:52)
5 Naga Sea Witch
3 Forked Lightning
2 Frost Arrows
4 Pit Lord
2 Rain of Fire
2 Howl of Terror
» actions
| Assign group hotkey | 36 | |
| Basic commands | 132 | |
| Build / train | 100 | |
| ESC pressed | 2 | |
| Enter build submenu | 19 | |
| Enter hero's abilities submenu | 10 | |
| Give item / drop item | 2 | |
| Right click | 1017 | |
| Select / deselect | 460 | |
| Select group hotkey | 1274 | |
| Use ability | 109 | |
3161 total
» units
| Wisp | 34 | |
| Archer | 12 | |
| Druid of the Talon | 13 | |
59 total
» upgrades
| Improved Bows | 1 | |
| Druid of the Talon Training | 2 | |
| Mark of the Talon | 1 | |
4 total
» buildings
| Altar of Elders | 1 | |
| Moon Well | 8 | |
| Ancient of War | 1 | |
| Ancient of Wonders | 1 | |
| Tree of Ages | 3 | |
| Tree of Life | 1 | |
| Hunter's Hall | 1 | |
| Ancient of Wind | 5 | |
| Tree of Eternity | 3 | |
24 total
» build order
00:03 Altar of Elders
00:04 Moon Well
00:36 Ancient of War
01:27 Moon Well
02:03 Ancient of Wonders
03:55 Tree of Ages
03:55 Tree of Ages
04:47 Tree of Life
05:11 Moon Well
06:37 Hunter's Hall
07:44 Ancient of Wind
07:47 Ancient of Wind
07:49 Ancient of Wind
08:27 Moon Well
08:28 Moon Well
10:25 Tree of Eternity
10:25 Tree of Eternity
11:51 Ancient of Wind
11:55 Ancient of Wind
12:19 Moon Well
12:20 Moon Well
12:21 Moon Well
» items
| Moonstone | 1 | |
| Dust of Appearance | 4 | |
| Periapt of Vitality | 1 | |
| Circlet of Nobility | 1 | |
| Potion of Healing | 1 | |
| Potion of Mana | 1 | |
9 total
SouthElf (
orange | 32 APM | 761 actions | 23:59)
3 Mountain King
1 Thunder Clap
2 Storm Bolt
2 Keeper of the Grove
1 Entangling Roots
1 Force of Nature
» actions
| Build / train | 65 | |
| Enter build submenu | 18 | |
| Enter hero's abilities submenu | 5 | |
| Right click | 354 | |
| Select / deselect | 276 | |
| Use ability | 43 | |
761 total
» units
| Peasant | 14 | |
| Mortar Team | 9 | |
| Siege Engine | 4 | |
| Hippogryph | 9 | |
| Chimaera | 5 | |
41 total
» upgrades
| Lumber Harvesting | 2 | |
| Masonry | 1 | |
| Gunpowder | 3 | |
| Barrage | 1 | |
| Flare | 1 | |
| Fragmentation Shards | 1 | |
| Plating | 1 | |
| Strength of the Wild | 1 | |
| Well Spring | 1 | |
12 total
» buildings
| Altar of Kings | 1 | |
| Farm | 6 | |
| Arcane Vault | 1 | |
| Keep | 2 | |
| Town Hall | 2 | |
| Blacksmith | 1 | |
| Lumber Mill | 1 | |
| Workshop | 2 | |
| Castle | 1 | |
| Ancient Protector | 1 | |
| Ancient of Wind | 1 | |
| Chimaera Roost | 1 | |
20 total
» build order
00:44 Altar of Kings
00:48 Farm
00:54 Farm
01:20 Arcane Vault
03:22 Keep
03:41 Town Hall
04:26 Blacksmith
04:37 Lumber Mill
04:49 Farm
04:51 Farm
05:34 Farm
05:36 Farm
06:07 Workshop
06:39 Castle
07:32 Workshop
18:52 Ancient Protector
21:56 Ancient of Wind
22:12 Town Hall
22:32 Chimaera Roost
» items
| Scroll of Town Portal | 2 | |
| Potion of Healing | 1 | |
3 total
Chat log
(00:16 / Allies) YerkyBerk: sup
(00:24 / Allies) UAB3: sup
(00:28 / Allies) Spanker: SUP
(00:36 / Allies) Spanker: dont try it bro is a tker
(00:37 / Allies) Spanker: lets rush
(00:52 / Allies) Spanker: k?
(01:01 / Allies) SwordOfDestiny: i'm cc
(03:51 / Allies) Spanker: hmm
(03:54 / Allies) Spanker: he not tking this game
(04:05 / Allies) Spanker: hes 16-70
(04:13 / Allies) SwordOfDestiny: do you have a shit talk history with him
(04:18 / Allies) Spanker: nope
(04:38 / Allies) SwordOfDestiny: maybe he wanna build up before tk
(04:44 / Allies) Spanker: maybe
(05:56 / Allies) YerkyBerk: want a hand pink
(06:03 / Allies) Spanker: units?
(06:15 / Allies) SwordOfDestiny: bat
(07:56 / All) SwordOfDestiny: snake? but I heard you were dead
(09:52 / Allies) Spanker: bears
(10:35 / Allies) SwordOfDestiny: hook me up with a heal
(10:42 / Allies) SwordOfDestiny: danke
(10:43 / Allies) YerkyBerk: rofl pink
(11:10 / Allies) Spanker: going bears and dots
(11:15 / Allies) SwordOfDestiny: repair
(11:19 / Allies) SwordOfDestiny: all repair
(11:20 / Allies) SwordOfDestiny: wisps
(11:22 / Allies) SwordOfDestiny: it dead lol
(11:34 / Allies) SwordOfDestiny: fucking tank fag he is
(11:38 / Allies) Spanker: hit
(11:54 / Allies) YerkyBerk: we just raped red
(11:57 / Allies) YerkyBerk: with heros lol
(12:02 / Allies) Spanker: i got all my upgrades anyways
(12:49 / Allies) SwordOfDestiny: tower up loads
(12:49 / Allies) YerkyBerk: wood?
(13:24 / All) SouthElf: gg base sitters over here
(13:30 / All) YerkyBerk: red lol
(13:37 / All) SouthElf: sup hun
(14:01 / Allies) YerkyBerk: bats
(14:03 / Allies) YerkyBerk: we need bats
(14:58 / Allies) SwordOfDestiny: try to expop there yellow
(16:00 / All) SwordOfDestiny: Get raped son
(16:05 / All) DONTtryITbro: LMAO GREEN
(16:07 / All) DONTtryITbro: NICE MAP HACK
(16:13 / All) YerkyBerk: ever heard of shades
(16:16 / All) YerkyBerk: noob lmao
(16:18 / All) DONTtryITbro: stfu
(16:22 / All) DONTtryITbro: fkn hacker ur a disgrace
(16:27 / All) SwordOfDestiny: n00b
(16:35 / All) YerkyBerk: lol
(16:39 / All) YerkyBerk: kk use replay for once
(16:55 / Allies) Spanker: meet and go?
(17:16 / All) SwordOfDestiny: SHIIIIEEEETTTT
(18:14 / All) YerkyBerk: bye
(19:05 / Allies) Spanker: lol
(19:06 / Allies) YerkyBerk: i cant touch him man
(19:08 / Allies) YerkyBerk: dotts rape frost
(19:16 / Allies) Spanker: he missed like 5 surrounds
(19:17 / Allies) SwordOfDestiny: can't bat him in that form
(19:19 / Allies) Spanker: with cyclone
(19:19 / Allies) YerkyBerk: need bats for them
(19:25 / Allies) YerkyBerk: where are your bats
(19:27 / Allies) Spanker: i can mass hippo
(19:38 / Allies) YerkyBerk: all
(20:07 / Allies) YerkyBerk: where is ourt team?
(20:29 / Allies) Spanker: idk
(22:16 / Allies) SwordOfDestiny: MAZURU IS ON THE WAY
(22:20 / Allies) SwordOfDestiny: DO NOT FRET
(22:37 / Allies) SwordOfDestiny: whoops no tp
(23:09 / All) DONTtryITbro: look atr these 1 hero noobs
(23:14 / All) DONTtryITbro: lmao fkn bunch of trash
(23:15 / All) YerkyBerk: raped
(23:17 / All) YerkyBerk: both
(23:19 / All) SwordOfDestiny: lol
(23:20 / All) YerkyBerk: nice record
(23:22 / All) SwordOfDestiny: and u getting raped
(23:22 / Allies) Spanker: why did he go into air
(23:23 / All) DONTtryITbro: green
(23:26 / All) SwordOfDestiny: hows it feel newbie
(23:27 / Allies) Spanker: i had hppos rigt there
(23:27 / All) DONTtryITbro: were did ur wyrms go?
(23:31 / All) DONTtryITbro: o wait its true
(23:37 / All) DONTtryITbro: teal ur trash duide
(23:38 / All) YerkyBerk: you killed one army?
(23:42 / All) YerkyBerk: dotts killed frosts
(23:44 / All) DONTtryITbro: green ur bad
(23:45 / All) YerkyBerk: wow i had no idea
(23:46 / All) DONTtryITbro: u suck
(23:48 / All) DONTtryITbro: u ez
(23:54 / All) YerkyBerk: who lost
(23:56 / All) SouthElf: LMAO TOO MANY NOOBS PLAY THIS GAME IM OUT